 Dungeon Crawl Stone Soup version 0.30-a0-313-gae38170b09 (webtiles) character file.

Game seed: 16541676590543233533

251 gelatine the Digger (level 6, -9/37 HPs)
             Began as an Octopode Earth Elementalist on Oct 26, 2022.
             Mangled by Sigmund
             ... wielding a +0 scythe
              (12 damage)
             ... on level 4 of the Dungeon.
             The game lasted 00:05:16 (2965 turns).

gelatine the Digger (Octopode Earth Elementalist)   Turns: 2965, Time: 00:05:17

Health: -9/37      AC:  1    Str:  7    XL:     6   Next: 13%
Magic:  7/11       EV: 13    Int: 19    God:
Gold:   366        SH:  0    Dex: 13    Spells: 11/12 levels left

rFire   . . .      SeeInvis .    h - +1 dagger (flame)
rCold   . . .      Faith    .    (no shield)
rNeg    . . .      Spirit   .    (helmet restricted)
rPois   .          Reflect  .    (no amulet)
rElec   .          Harm     .    (no ring)
rCorr   .          Rampage  .    (no ring)
Will    .....                    (no ring)
Stlth   +++.......               (no ring)
HPRegen 0.26/turn                (no ring)
MPRegen 0.12/turn                (no ring)
                                 (no ring)
                                 (no ring)

@: about to teleport
A: almost no armour, amphibious, 8 rings, camouflage 1, gelatinous body 1,
(nimble swimmer 1), tentacles
a: no special abilities


You were on level 4 of the Dungeon.
You visited 1 branch of the dungeon, and saw 4 of its levels.

You collected 366 gold pieces.

Inventory:

Hand Weapons
 h - a +1 dagger of flaming (weapon)
Scrolls
 b - 2 scrolls of teleportation
 d - a scroll of magic mapping {unknown}
 e - a scroll of poison {unknown}
 g - 3 scrolls of identify
 j - a scroll of acquirement {unknown}
 k - 5 scrolls of torment {unknown}
 l - a scroll of immolation {unknown}
 m - a scroll of amnesia {unknown}
Potions
 a - a potion of magic
 c - 2 potions of haste {unknown}
 f - 3 potions of curing {unknown}
 i - a potion of might {unknown}


   Skills:
 + Level 0.8 Fighting
 + Level 2.4 Dodging
 + Level 3.0 Stealth
 + Level 3.8 Spellcasting
 + Level 1.0 Transmutations
 + Level 5.1 Earth Magic


You had 11 spell levels left.
You knew the following spells:

 Your Spells              Type           Power      Damage    Failure   Level
a - Sandblast             Erth           46%        2d11      1%          1

Your spell library contained the following spells:

 Spells                   Type           Power      Damage    Failure   Level
 Passwall                 Tmut/Erth      12%        N/A       6%          2
 Apportation              Tloc           6%         N/A       14%         1
 Stone Arrow              Conj/Erth      26%        3d8       14%         3
 Petrify                  Tmut/Erth      15%        N/A       36%         4
 Alistair's Intoxication  Tmut/Pois      3%         N/A       97%         5


Dungeon Overview and Level Annotations

Branches:
Dungeon (4/15)
 Temple: D:4-7

Altars:
Okawaru
Trog

Shops:
D:2 !

Annotations:
D:4 Sigmund


Innate Abilities, Weirdness & Mutations

You cannot wear most types of armour.
You are amphibious.
You can wear up to eight rings at the same time.
Your skin changes colour to match your surroundings (Stealth+).
Your rubbery body absorbs attacks. (AC +1, EV +1)
((You are camouflaged when in or above water. (Stealth+)))
You have tentacles for arms and can constrict up to eight enemies at once.


Message History

Deactivating autopickup; reactivate with Ctrl-A.
The gnoll closely misses you.
The blast of sand hits the gnoll!
The gnoll is almost dead.
The gnoll hits you from afar with a +3 scythe.
The gnoll barely misses you.
The blast of sand hits the gnoll.
You kill the gnoll!
The blast of sand hits the gnoll.
The gnoll is heavily wounded.
The gnoll hits you from afar with a +0 scythe!
* * * LOW HITPOINT WARNING * * *
The gnoll barely misses you.
You are too injured to fight recklessly!
You are too injured to fight recklessly!
You are too injured to fight recklessly!
Casting: Sandblast (safe; 1% risk of failure)
Confirm with . or Enter, or press ? or * to list all spells.
Aiming: Sandblast (safe; 1% risk of failure)
Press: ? - help, Shift-Dir - straight line, f/p - gnoll
Aim: a gnoll, wielding a +0 scythe and wearing a +0 robe (moderately wounded, 85% to hit)
The blast of sand hits the gnoll!
You kill the gnoll!
Casting: Sandblast (safe; 1% risk of failure)
Confirm with . or Enter, or press ? or * to list all spells.
Aiming: Sandblast (safe; 1% risk of failure)
Press: ? - help, Shift-Dir - straight line, f - gnoll
Aim: a gnoll, wielding a +0 scythe and wearing a +0 robe (85% to hit)
The blast of sand hits something.
A magic dart appears from out of thin air!
The magic dart hits you!
* * * LOW HITPOINT WARNING * * *
Something barely misses you.
Okay, then.
As you read the scroll labelled ARUATA GUIZU, it crumbles to dust.
It is a scroll of identify.
b - 3 scrolls of teleportation
As you read the scroll of teleportation, it crumbles to dust.
You feel strangely unstable. Something hits you!
You die...

.....##'##
#...g#
####....###
...........#
#####.####.#
## #. #g# .#
.. #{# .##
## #.# ...
###@# .#
#...# .#
#.### .#
#.## .###...
#..# .......
##.# ####..
#.# # #.# #
##### #.#


You could see a gnoll.

Vanquished Creatures
  A black bear (D:4)
  A hound (D:4)
  5 gnolls
  4 adders
  A dart slug (D:1)
  6 bats
  3 endoplasms
  4 giant cockroaches
  A hobgoblin (D:2)
  2 quokkas
  2 ball pythons
  9 goblins
  4 kobolds
  3 rats
46 creatures vanquished.

Notes
Turn   | Place    | Note
-------+----------+-------------------------------------------
     0 | D:1      | gelatine the Octopode Earth Elementalist began the quest
                  | for the Orb.
     0 | D:1      | Reached XP level 1. HP: 11/11 MP: 3/3
   263 | D:1      | Reached XP level 2. HP: 17/17 MP: 1/5
   945 | D:2      | Reached XP level 3. HP: 17/21 MP: 2/6
  1343 | D:2      | Found Aweits's Distillery.
  1433 | D:2      | Reached XP level 4. HP: 27/27 MP: 5/8
  1769 | D:3      | Reached skill level 4 in Earth Magic
  1952 | D:3      | Found a faded altar of an unknown god.
  2243 | D:3      | Found a bloodstained altar of Trog.
  2244 | D:3      | Found an iron altar of Okawaru.
  2595 | D:4      | Reached XP level 5. HP: 26/31 MP: 2/9
  2665 | D:4      | Noticed a black bear
  2674 | D:4      | Killed a black bear
  2923 | D:4      | Reached skill level 5 in Earth Magic
  2923 | D:4      | Reached XP level 6. HP: 36/36 MP: 9/11
  2949 | D:4      | Noticed Sigmund
  2965 | D:4      | Mangled by Sigmund

Illustrated notes

Levels and vault maps discovered:
D:1:      heliophobic_arrival_ceremonial_halls, layout_loops_ring, minivault_27
D:2:      layout_basic, serial_shops, shop_coins, minmay_misc_feat_roman,
          minmay_crystal_water
D:3:      layout_basic, grunt_temple_overflow_bloody_war, basic_ecumenical_altar
D:4:      layout_loops_cross, sigmund_army

Skill      XL: |  1  2  3  4  5 |
---------------+----------------+-----
Stealth        | 3 |  3.0
Earth Magic    | 4 5 |  5.1
Spellcasting   | 3 |  3.8
Fighting       | |  0.8
Dodging        | |  2.4
Transmutations | |  1.0

Action                   |  1- 3 |  4- 6 || total
-------------------------+-------+-------++-------
Melee: Dagger            |       |     2 ||     2
       Constrict         |       |     1 ||     1
 Cast: Sandblast         |    39 |    38 ||    77
  Use: Scroll            |       |     2 ||     2
Armor: Skin              |     3 |       ||     3
Dodge: Dodged            |    12 |    17 ||    29

Table legend: (Time is in decaauts)
 A = Elapsed time spent in this place.
 B = Non-inter-level travel time spent in this place.
 C = Inter-level travel time spent in this place.
 D = Time resting spent in this place.
 E = Time spent auto-exploring this place.
 F = Levels seen in this place.
 G = Mean time per level.
                   A        B        C        D        E       F      G
               +--------+--------+--------+--------+--------+-----+--------+
         Total |   3002 |   2908 |     94 |      0 |   2531 |   4 |  750.5 |
       Dungeon |   3002 |   2908 |     94 |      0 |   2531 |   4 |  750.5 |
               +--------+--------+--------+--------+--------+-----+--------+

Top non-repeatable levels by time:
     D:2: 905 daAuts
     D:1: 839 daAuts
     D:3: 684 daAuts
     D:4: 573 daAuts
